 Dungeon Crawl Stone Soup version 0.29.0-4-gdea44cf6ec (webtiles) character file.

Game seed: 1660068548820021867

261 qw the Sneak (level 6, -4/38 HPs)
             Began as a Gargoyle Delver on Sept 10, 2022.
             Frozen to death by an endoplasm (5 damage)
             ... on level 2 of the Dungeon.
             The game lasted 00:01:11 (3000 turns).

qw the Sneak (Gargoyle Delver)                      Turns: 3000, Time: 00:01:11

Health: -4/38      AC:  7    Str: 18    XL:     6   Next: 18%
Magic:  6/6        EV: 12    Int: 10    God:
Gold:   167        SH:  0    Dex: 17    Spells: 5/5 levels left

rFire   . . .      SeeInvis .   Y - +0 hand axe (venom)
rCold   . . .      Faith    .   (no shield)
rNeg    + . .      Spirit   .   b - +0 leather armour
rPois   inf        Reflect  .   (no helmet)
rElec   +          Harm     .   (no cloak)
rCorr   .          Rampage  .   (no gloves)
Will    .....                   (no boots)
Stlth   +++.......              (no amulet)
HPRegen 0.12/turn               i - +6 ring of dexterity
MPRegen 0.10/turn               (no ring)

@: no status effects
A: sickness immunity, AC +4, negative energy resistance 1, electricity
resistance, torment resistance 1, petrification resistance
a: no special abilities


You were on level 2 of the Dungeon.
You visited 1 branch of the dungeon, and saw 5 of its levels.

You collected 167 gold pieces.


Innate Abilities, Weirdness & Mutations

You are immune to sickness and miasma.
Your stone body is resilient. (AC +4)
You are immune to poison.
You resist negative energy. (rN+)
You are resistant to electric shocks. (rElec)
You are resistant to unholy torment.
You are immune to petrification.


   Skills:
 - Level 4.0 Fighting
 + Level 5.4 Axes
 - Level 1.5 Dodging
 - Level 5.4 Stealth


You had 5 spell levels left.
You didn't know any spells.
Your spell library was empty.

Inventory:

Hand Weapons
 k - a +0 flail
 Y - a +0 hand axe of venom (weapon)
Armour
 a - a +0 scale mail
 b - a +0 leather armour (worn)
Jewellery
 i - a +6 ring of dexterity (left hand)
Wands
 g - a wand of digging (3)
Scrolls
 h - 2 scrolls of identify
Potions
 c - a potion of curing
 d - a potion of ambrosia {unknown}
 e - a potion of brilliance {unknown}
 f - a potion of haste
 j - a potion of might {unknown}

Dungeon Overview and Level Annotations

Branches:
Dungeon (5/15)
 Temple: D:4-7

Altars:
Elyvilon
Gozag
Hepliaklqana


Message History

An orc wizard is nearby!
2990 ||| Stepping ~*~*~tactically~*~*~ (hiding).
An orc priest comes into view. It is wielding a +0 dagger.
The orc priest shouts!
The orc priest calls down the wrath of Beogh upon you.
Beogh smites you!
2991 ||| Stepping ~*~*~tactically~*~*~ (hiding).
You start resting.
An orc is nearby!
2993 ||| FLEEEEING.
The orc priest calls down the wrath of Beogh upon you.
Beogh smites you!
The endoplasm quivers.
You hit the orc wizard but do no damage.
The orc wizard is poisoned.
The orc wizard closely misses you.
2995 ||| Stepping ~*~*~tactically~*~*~ (hiding).
You miss the orc wizard.
The orc wizard is moderately wounded.
You hit the orc. The orc misses you. The orc wizard misses you.
You slash the orc wizard!
The orc wizard looks as sick as possible!
The orc wizard is severely wounded.
You hit the orc.
The orc is poisoned.
The orc closely misses you.
The orc wizard points at you and mumbles some strange words.
The magic dart hits you.
You hit the orc wizard.
You kill the orc wizard!
You hit the orc priest.
The orc priest is poisoned.
You barely miss the orc.
You kill the orc!
The orc priest mumbles some strange prayers to Beogh against you.
Beogh smites you!
You hit the orc priest.
The orc priest looks even sicker.
The orc priest is moderately wounded.
You hit the endoplasm but do no damage. The endoplasm freezes you.
You are frozen.
You die...

.. ...$ ########....
...###..........
..............
###............## .
............... ( ...#.......#
##J#o.##...# #.)@.###)..#
#..#...%..## .#.#
.#.........#### ####.#.
....>...........#
#.....#####.#.##.........#
##...........#.#.....#....#
.......#....#........#.......
.....................#####....
.......#....#......##### ....


You could see an orc priest (very poisoned) and an endoplasm.

Vanquished Creatures
  A howler monkey (D:5)
  A hound (D:5)
  Ijyb (D:4)
  An iguana (D:3)
  Natasha (D:3)
  2 orc wizards (D:2)
  An ufetubus (D:5)
  3 worms
  A dart slug (D:1)
  6 orcs (D:2)
  6 endoplasms
  A giant cockroach (D:3)
  6 goblins
  2 hobgoblins
  2 jackals (D:2)
  4 quokkas
  4 ball pythons
  5 bats
  3 frilled lizards
  4 rats
55 creatures vanquished.

Vanquished Creatures (others)
  3 withered plants (D:1)
3 creatures vanquished.

Grand Total: 58 creatures vanquished

Notes
Turn   | Place    | Note
-------+----------+-------------------------------------------
     0 | D:5      | qw the Gargoyle Delver began the quest for the Orb.
     0 | D:5      | Reached XP level 1. HP: 14/14 MP: 1/1
     0 | D:5      | 0 ||| qw: Version: 0.1-a-116-g5d60599
     0 | D:5      | 0 ||| qw: Game counter: 7779
     0 | D:5      | 0 ||| qw: Always use a shield: true
     0 | D:5      | 0 ||| qw: God list: Okawaru
     0 | D:5      | 0 ||| qw: Allow faded altars: false
     0 | D:5      | 0 ||| qw: Do Orc after D:15 true
     0 | D:5      | 0 ||| qw: Do second Lair branch before Depths: true
     0 | D:5      | 0 ||| qw: Lair rune preference: random
     0 | D:5      | 0 ||| qw: Plans: Normal
     0 | D:5      | 0 ||| PLANNING D:1-11
     1 | D:5      | Noticed a hound
    15 | D:5      | HP: 3/14 [hound (5)]
    19 | D:5      | HP: 1/14 [hound (2)]
    21 | D:5      | Killed a hound
    22 | D:5      | Reached skill level 3 in Axes
    22 | D:5      | Reached XP level 2. HP: 2/19 MP: 2/2
    22 | D:5      | Reached XP level 3. HP: 3/23 MP: 3/3
   332 | D:5      | 332 ||| Stepping ~*~*~tactically~*~*~ (stealth).
   358 | D:5      | Reached XP level 4. HP: 22/28 MP: 4/4
   421 | D:5      | 421 ||| READING scroll labelled ADGHICL OCKIDO.
   422 | D:5      | 422 ||| READING scroll labelled MELOUBLAUNIL.
   423 | D:5      | 423 ||| DROPPING scroll of fog.
   424 | D:5      | 424 ||| DROPPING scroll of magic mapping.
   425 | D:5      | 425 ||| DROPPING scroll of fear.
   629 | D:4      | Noticed Ijyb
   644 | D:4      | Killed Ijyb
   965 | D:3      | Reached XP level 5. HP: 28/32 MP: 5/5
  1060 | D:3      | Found a white marble altar of Elyvilon.
  1088 | D:3      | Found an opulent altar of Gozag.
  1145 | D:3      | Noticed Natasha
  1152 | D:3      | Killed Natasha
  1282 | D:3      | 1282 ||| READING scroll labelled BAONWAMNANA.
  1374 | D:1      | 1374 ||| Stepping ~*~*~tactically~*~*~ (stealth).
  1375 | D:1      | 1375 ||| Stepping ~*~*~tactically~*~*~ (stealth).
  1381 | D:1      | 1381 ||| Stepping ~*~*~tactically~*~*~ (stealth).
  1382 | D:1      | 1382 ||| Stepping ~*~*~tactically~*~*~ (stealth).
  1457 | D:1      | Found a faded altar of an unknown god.
  1676 | D:1      | 1676 ||| Stepping ~*~*~tactically~*~*~ (stealth).
  1678 | D:1      | 1678 ||| Stepping ~*~*~tactically~*~*~ (stealth).
  2302 | D:1      | 2302 ||| UPGRADING to +6 ring of dexterity.
  2303 | D:1      | 2303 ||| READING 3 scrolls of identify.
  2303 | D:1      | 2303 ||| IDENTIFYING amethyst potion
  2304 | D:1      | 2304 ||| READING 2 scrolls of identify.
  2304 | D:1      | 2304 ||| IDENTIFYING metallic pink potion
  2305 | D:1      | 2305 ||| DROPPING potion of magic.
  2371 | D:2      | 2371 ||| Stepping ~*~*~tactically~*~*~ (stealth).
  2374 | D:2      | 2374 ||| Stepping ~*~*~tactically~*~*~ (stealth).
  2375 | D:2      | 2375 ||| Stepping ~*~*~tactically~*~*~ (stealth).
  2376 | D:2      | 2376 ||| Stepping ~*~*~tactically~*~*~ (stealth).
  2378 | D:2      | 2378 ||| Stepping ~*~*~tactically~*~*~ (stealth).
  2379 | D:2      | 2379 ||| Stepping ~*~*~tactically~*~*~ (stealth).
  2380 | D:2      | 2380 ||| Stepping ~*~*~tactically~*~*~ (stealth).
  2506 | D:2      | 2506 ||| DROPPING +0 mace.
  2543 | D:2      | 2543 ||| Stepping ~*~*~tactically~*~*~ (stealth).
  2545 | D:2      | 2545 ||| Stepping ~*~*~tactically~*~*~ (stealth).
  2603 | D:2      | 2603 ||| Stepping ~*~*~tactically~*~*~ (stealth).
  2604 | D:2      | 2604 ||| Stepping ~*~*~tactically~*~*~ (stealth).
  2612 | D:2      | 2612 ||| Stepping ~*~*~tactically~*~*~ (stealth).
  2617 | D:2      | 2617 ||| Stepping ~*~*~tactically~*~*~ (stealth).
  2620 | D:2      | 2620 ||| Stepping ~*~*~tactically~*~*~ (stealth).
  2621 | D:2      | 2621 ||| Stepping ~*~*~tactically~*~*~ (stealth).
  2637 | D:2      | 2637 ||| Stepping ~*~*~tactically~*~*~ (stealth).
  2639 | D:2      | 2639 ||| Stepping ~*~*~tactically~*~*~ (stealth).
  2663 | D:2      | Found a hazy altar of Hepliaklqana.
  2788 | D:2      | 2788 ||| Stepping ~*~*~tactically~*~*~ (hiding).
  2790 | D:2      | 2790 ||| Stepping ~*~*~tactically~*~*~ (stealth).
  2796 | D:2      | 2796 ||| Stepping ~*~*~tactically~*~*~ (stealth).
  2806 | D:2      | Reached XP level 6. HP: 28/38 MP: 6/6
  2885 | D:2      | 2885 ||| Stepping ~*~*~tactically~*~*~ (hiding).
  2987 | D:2      | 2987 ||| Stepping ~*~*~tactically~*~*~ (hiding).
  2990 | D:2      | 2990 ||| Stepping ~*~*~tactically~*~*~ (hiding).
  2991 | D:2      | 2991 ||| Stepping ~*~*~tactically~*~*~ (hiding).
  2993 | D:2      | 2993 ||| FLEEEEING.
  2995 | D:2      | 2995 ||| Stepping ~*~*~tactically~*~*~ (hiding).
  2999 | D:2      | HP: 1/38 [orc priest/divine providence (15)]
  3000 | D:2      | Frozen to death by an endoplasm

Levels and vault maps discovered:
D:1:      amcnicky_arrival_underground_garden, layout_basic,
          ebering_ecumenical_altar_petrified
D:2:      layout_basic, basic_altar
D:3:      layout_basic, grunt_gozag_breadcrumbs, mainiacjoe_overflow_big_doors,
          uniq_natasha
D:4:      wander_river, layout_basic, uniq_blork_the_orc, uniq_ijyb,
          uniq_duvessa
D:5:      layout_loops_cross, chequers_temple_overflow_minitemple

Skill      XL: |  1  2  3  4  5 |
---------------+----------------+-----
Axes           | 3 4 5 |  5.4
Fighting       | 4 |  4.0
Dodging        | |  1.5
Stealth        | |  5.4

Action                   |  1- 3 |  4- 6 || total
-------------------------+-------+-------++-------
Melee: Hand axe          |    22 |   143 ||   165
  Use: Scroll            |       |     5 ||     5
 Stab: Sleeping          |       |     3 ||     3
Armor: Leather armour    |     7 |    42 ||    49
Dodge: Dodged            |    12 |    85 ||    97

Table legend:
 A = Non-vault XP
 B = Vault XP
 C = Vault XP percentage of total XP
 D = Non-vault monster count
 E = Vault monster count
 F = Vault count percentage of total count
                 A         B        C        D         E       F
            +---------+---------+-------+---------+---------+-------
      Total |     302 |      71 |  19.0 |      53 |       2 |   3.6
            +---------+---------+-------+---------+---------+-------
        D:1 |      38 |       0 |   0.0 |      22 |       0 |   0.0
        D:2 |     116 |       0 |   0.0 |      21 |       0 |   0.0
        D:3 |      47 |      35 |  42.7 |       5 |       1 |  16.7
        D:4 |       2 |      36 |  94.7 |       1 |       1 |  50.0
        D:5 |      99 |       0 |   0.0 |       4 |       0 |   0.0
            +---------+---------+-------+---------+---------+-------
